 Dungeon Crawl Stone Soup version 0.31-a0-233-g139696dc86 (webtiles) character file.

Game seed: 3422629848759564186

153 porpoise the Shooter (level 5, -4/32 HPs)
             Began as a Kobold Hunter on July 8, 2023.
             Slain by an ogre
             ... wielding a +0 giant club
              (23 damage)
             ... on level 4 of the Dungeon.
             The game lasted 00:06:44 (3202 turns).

porpoise the Shooter (Kobold Hunter)                Turns: 3202, Time: 00:06:44

Health: -4/32      AC:  5    Str:  8    XL:     5   Next: 61%
Magic:  5/5        EV: 15    Int: 11    God:
Gold:   161        SH:  0    Dex: 26    Spells: 4/4 levels left

rFire   . . .        a - +0 shortbow
rCold   . . .        (shield currently unavailable)
rNeg    . . .        c - +0 leather armour
rPois   .            g - +0 helmet
rElec   .            (no cloak)
rCorr   .            k - +0 pair of gloves
SInv    .            (no boots)
Will    .....        n - amulet of the acrobat
Stlth   ++++         j - +6 ring of dexterity
HPRegen 0.25/turn    (no ring)
MPRegen 0.09/turn

%: acrobat
@: no status effects
A: small, no large weapons, nightstalker 3
a: no special abilities


You were on level 4 of the Dungeon.
You visited 1 branch of the dungeon, and saw 4 of its levels.

You collected 161 gold pieces.

Inventory:

Hand Weapons
 a - a +0 shortbow (weapon)
 b - a +3 dagger
Missiles
 t - 8 poisoned darts
Armour
 c - a +0 leather armour (worn)
 g - a +0 helmet (worn)
 k - a +0 pair of gloves (worn)
Jewellery
 j - a +6 ring of dexterity (left hand)
 n - an amulet of the acrobat (around neck)
 p - an amulet of faith
Wands
 i - a wand of paralysis (13)
Scrolls
 d - a scroll of amnesia {unknown}
 e - 2 scrolls of identify
 h - a scroll of enchant armour {unknown}
 m - a scroll of butterflies
 q - a scroll of teleportation {unknown}
 r - a scroll of fog {unknown}
 u - a scroll of torment {unknown}
Potions
 f - 2 potions of enlightenment
 l - a potion of berserk rage
 o - a potion of ambrosia
 s - 3 potions of curing


   Skills:
 + Level 3.5 Fighting
 * Level 7.1 Ranged Weapons
 - Level 2.4 Dodging
 + Level 3.6 Stealth


You had 4 spell levels left.
You didn't know any spells.
Your spell library was empty.

Dungeon Overview and Level Annotations

Branches:
Dungeon (4/15)
 Temple: D:4-7

Altars:

Shops:
D:2 [

Annotations:
D:3 3 runed translucent doors, knightboat's ghost, amateur NaVM


Innate Abilities, Weirdness & Mutations

You are small and have problems with some larger weapons.
You are completely attuned to the shadows.


Message History

You shoot an arrow. The arrow hits the endoplasm!
You kill the endoplasm!
No target in view!
No target in view!
Found a leather armour.
You see here a +0 leather armour.
Found a sling.
You see here a +0 sling.
You see here a +0 sling.
You now have 156 gold pieces (gained 16).
You open the door.
There is an open door here.
u - a scroll labelled KANWUETAUJ You now have 161 gold pieces (gained 5).
You see here a +0 trident.
Found an escape hatch in the floor.
An ogre comes into view. It is wielding a +0 giant club.
You shoot an arrow. The arrow hits the ogre.
The ogre shouts!
The ogre is lightly wounded.
You hear a bark!
You hear a shout!
A hobgoblin comes into view.
You hear a shout!
You shoot an arrow. The arrow hits the ogre!
The ogre is moderately wounded.
You shoot an arrow.
The arrow hits the ogre but does no damage.
The ogre is moderately wounded.
You shoot an arrow. The arrow barely misses the ogre.
The ogre closely misses you.
You shoot an arrow. The arrow barely misses the ogre.
The hobgoblin completely misses you. The ogre hits you with a +0 giant club!
You shoot an arrow. The arrow hits the hobgoblin!
You kill the hobgoblin!
The ogre attacks as you move away! The ogre completely misses you.
You shoot an arrow. The arrow hits the ogre!
The ogre is severely wounded.
The ogre hits you with a +0 giant club!!
Ouch! That really hurt!
You die...

#.........#...##.###
###.#######...##.# #.#
#...##.#
##############.#######...##.#
#.<.........................#
##############.##############
#.# ### #.# #.. #@# #.. #O#
#.. ####.### #.. .>.....# #..
.......# #.. .....†.# #..
.....$.# #.. .......# ###
......# #


You could see an ogre.

Vanquished Creatures
  A jelly (D:4)
  Jessica (D:3)
  2 adders
  2 dart slugs
  A worm (D:3)
  8 orcs
  8 endoplasms
  2 giant cockroaches
  5 hobgoblins
  2 jackals (D:1)
  2 quokkas
  3 ball pythons
  5 bats
  6 frilled lizards
  4 goblins
  5 kobolds
  12 rats
69 creatures vanquished.

Notes
Turn   | Place    | Note
-------+----------+-------------------------------------------
     0 | D:1      | porpoise the Kobold Hunter began the quest for the Orb.
     0 | D:1      | Reached XP level 1. HP: 12/12 MP: 1/1
   176 | D:1      | Reached XP level 2. HP: 18/18 MP: 2/2
   584 | D:1      | Reached XP level 3. HP: 22/22 MP: 3/3
   687 | D:1      | Found a faded altar of an unknown god.
  1024 | D:2      | Reached skill level 6 in Ranged Weapons
  1204 | D:2      | Found Gogoss's Antique Armour Shop.
  1386 | D:2      | Reached XP level 4. HP: 27/27 MP: 4/4
  2268 | D:3      | Found a runed translucent gate.
  2272 | D:3      | Found a runed translucent gate.
  2272 | D:3      | Noticed a kobold brigand
  2310 | D:3      | Noticed Jessica
  2316 | D:3      | Killed Jessica
  2317 | D:3      | Reached XP level 5. HP: 28/32 MP: 5/5
  2317 | D:3      | Found a runed translucent gate.
  2332 | D:3      | Noticed knightboat's ghost (amateur NaVM)
  2630 | D:4      | Reached skill level 7 in Ranged Weapons
  3190 | D:4      | Noticed an ogre
  3202 | D:4      | Slain by an ogre

Illustrated notes

Levels and vault maps discovered:
D:1:      matt_arrival_los_fun, layout_basic, ebering_ecumenical_altar_hall,
          hangedman_abyss_or_decor_lesser_grid, minmay_stone_trees_medium,
          minmay_strange_pillars, nrook_uturn, corexii_item_surrounded_by_moat
D:2:      layout_loops_ring, serial_shops, nicolae_shop_window_shopping,
          corexii_leaking_fountain, minmay_crystal_water
D:3:      layout_rooms, gammafunk_ghost_nasty_kobolds, serial_aquarium,
          aquarium_bridge_straight [aquarium_subvault_bridge,
          aquarium_subvault_window, aquarium_subvault_bridge,
          aquarium_subvault_wall], aquarium_window_corridor_2,
          aquarium_window_1, aquarium_view_2d, aquarium_view_2b,
          aquarium_balcony_5b, aquarium_pool_side, uniq_jessica
D:4:      layout_basic

Skill      XL: |  1  2  3  4  5 |
---------------+----------------+-----
Stealth        | 2 3 |  3.6
Ranged Weapons | 6 7 |  7.1
Fighting       | 3 |  3.5
Dodging        | |  2.4

Action                     |  1- 3 |  4- 6 || total
---------------------------+-------+-------++-------
  Melee: Dagger            |       |     5 ||     5
   Fire: Shortbow          |    88 |   102 ||   190
    Use: Scroll            |       |     4 ||     4
 Armour: Leather armour    |     8 |    12 ||    20
  Dodge: Dodged            |    25 |    45 ||    70

Table legend: (Time is in decaauts)
 A = Elapsed time spent in this place.
 B = Non-inter-level travel time spent in this place.
 C = Inter-level travel time spent in this place.
 D = Time resting spent in this place.
 E = Time spent auto-exploring this place.
 F = Levels seen in this place.
 G = Mean time per level.
                   A        B        C        D        E       F      G
               +--------+--------+--------+--------+--------+-----+--------+
         Total |   3233 |   3162 |     71 |    266 |   2436 |   4 |  808.2 |
       Dungeon |   3233 |   3162 |     71 |    266 |   2436 |   4 |  808.2 |
               +--------+--------+--------+--------+--------+-----+--------+

Top non-repeatable levels by time:
     D:1: 913 daAuts
     D:2: 866 daAuts
     D:3: 812 daAuts
     D:4: 640 daAuts
